 Dungeon Crawl Stone Soup version 0.27-a0-695-gb4952372f7 (webtiles) character file.

Game seed: 12799814484307324745

150 Gaff the Slinger (level 5, 0/34 HPs)
             Began as a Halfling Hunter on Mar 22, 2021.
             Was an Initiate of Ru.
             Slain by an orc
             ... wielding a +0 hand axe
              (7 damage)
             ... on level 3 of the Dungeon.
             The game lasted 00:07:16 (4775 turns).

Gaff the Slinger (Halfling Hunter)                  Turns: 4775, Time: 00:07:16

Health: 0/34       AC:  4    Str: 14    XL:     5   Next: 58%
Magic:  5/5        EV: 14    Int:  9    God:    Ru [......]
Gold:   91         SH:  0    Dex: 15    Spells: 4/4 levels left

rFire    . . .     SeeInvis +   b - +0 long sword
rCold    . . .     Faith    .   (shield restricted)
rNeg     . . .     Spirit   .   c - +1 leather armour
rPois    .         Reflect  .   (no helmet)
rElec    .         Harm     .   (no cloak)
rCorr    +         Rampage  .   (no gloves)
Will     .....                  (no boots)
Stlth    ++........             (no amulet)
HPRegen  0.11/turn              n - ring of resist corrosion
MPRegen  0.09/turn              q - ring of see invisible

@: no status effects
A: small, no large weapons, mutation resistance 1
a: Renounce Religion


You were on level 3 of the Dungeon.
You worshipped Ru.
Ru was noncommittal.
You visited 1 branch of the dungeon, and saw 3 of its levels.

You collected 113 gold pieces.
You spent 22 gold pieces at shops.

Inventory:

Hand Weapons
 a - a +1 hunting sling
 b - a +0 long sword (weapon)
 e - a +0 short sword
Missiles
 d - 39 sling bullets
 g - 94 stones (quivered)
Armour
 c - a +1 leather armour (worn)
 h - a +0 kite shield
Jewellery
 n - a ring of resist corrosion (right hand)
 q - a ring of see invisible (left hand)
Scrolls
 i - a scroll of holy word {unknown}
 j - a scroll of vulnerability {unknown}
 o - a scroll of random uselessness
Potions
 f - a potion of berserk rage {unknown}
 k - 2 potions of curing {unknown}
 l - 2 potions of invisibility {unknown}
 m - a potion of degeneration
 p - a potion of lignification {unknown}


   Skills:
 - Level 1.7 Fighting
 - Level 0.7 Long Blades
 * Level 8.9 Slings
 + Level 2.8 Dodging
 - Level 1.1 Stealth


You had 4 spell levels left.
You didn't know any spells.
Your spell library was empty.

Dungeon Overview and Level Annotations

Branches:
Dungeon (3/15)

Altars:
Cheibriados
Ru

Shops:
D:1 :   D:2 *

Annotations:
D:1 Terence


Innate Abilities, Weirdness & Mutations

You are small and have problems with some larger weapons.
You are somewhat resistant to further mutation.


Message History

You riposte.
You barely miss the giant cockroach. You closely miss the giant cockroach.
The giant cockroach bites you.
You hit the giant cockroach.
You kill the giant cockroach!
You see here a giant cockroach corpse.
Found a stone staircase leading down.
d - 39 sling bullets (gained 19)
A bat comes into view.
There is a stone staircase leading down here.
The helpless bat fails to defend itself.
You hit the bat.
You kill the bat!
You see here a +0 spear.
An orc comes into view. It is wielding a +0 hand axe.
An orc comes into view.
It is wielding a +2 flail of protection.
The orc shouts!
The orc shouts!
You hit the orc but do no damage. The orc closely misses you.
You riposte.
You barely miss the orc. You hit the orc.
The orc is heavily wounded.
The orc hits you with a +2 flail of protection!
The orc hits you with a +2 flail of protection.
You barely miss the orc.
The orc is heavily wounded.
The orc hits you with a +2 flail of protection.
* * * LOW HITPOINT WARNING * * *
You closely miss the orc.
The orc is heavily wounded.
The orc hits you with a +2 flail of protection!
* * * LOW HITPOINT WARNING * * *
Press: ? - help, v - describe, . - travel
Here: an orc, wielding a +2 flail of protection (heavily wounded)
The floor.
You slash the orc!
You kill the orc!
You hit the orc.
The orc is moderately wounded.
The orc hits you with a +0 hand axe!
You die...

############
...).......#
##.###.###.# #.# #.#
#.# #.# #.# #.# #.#
#.###.##
##.###.##...##########
................@o...#
##.##.###...########.#
#.........##
####.###### #.# #.#
#.# #.# #.########


You could see an orc.

Vanquished Creatures
  A worker ant (D:3)
  3 adders
  3 gnolls
  An ooze (D:1)
  4 worms (D:2)
  A dart slug (D:3)
  An orc (D:3)
  7 bats
  A giant cockroach (D:3)
  9 goblins
  4 hobgoblins
  3 quokkas
  4 frilled lizards
  9 kobolds
  7 rats
58 creatures vanquished.

Notes
Turn   | Place    | Note
-------+----------+-------------------------------------------
     0 | D:1      | Gaff the Halfling Hunter began the quest for the Orb.
     0 | D:1      | Reached XP level 1. HP: 14/14 MP: 1/1
    48 | D:1      | Reached skill level 6 in Slings
   275 | D:1      | Found Vileth's Book Shop.
   288 | D:1      | Reached XP level 2. HP: 19/19 MP: 2/2
   581 | D:1      | Reached XP level 3. HP: 8/24 MP: 3/3
   865 | D:2      | Reached skill level 7 in Slings
  1384 | D:2      | Reached XP level 4. HP: 29/29 MP: 4/4
  1477 | D:2      | Noticed Terence
  2162 | D:2      | Found Yrriow's General Store.
  2265 | D:2      | Reached skill level 8 in Slings
  2827 | D:2      | Bought a potion of degeneration for 11 gold pieces
  3019 | D:2      | Bought a scroll of random uselessness for 11 gold pieces
  3444 | D:2      | Reached XP level 5. HP: 3/34 MP: 5/5
  4176 | D:3      | Found a sacrificial altar of Ru.
  4202 | D:3      | Became a worshipper of Ru the Awakened
  4220 | D:3      | Found a snail-covered altar of Cheibriados.
  4775 | D:3      | Slain by an orc

Illustrated notes

Levels and vault maps discovered:
D:1:      wander_arrival_peaceful_grave, layout_rooms, serial_shops,
          nicolae_shop_behind_doors
D:2:      layout_basic, serial_shops, shop, uniq_terence
D:3:      layout_loops_ring, kennysheep_slug_shrine, kennysheep_another_room,
          amcnicky_altar_gilded

Skill      XL: |  1  2  3  4 |
---------------+-------------+-----
Slings         | 6 7 8 |  8.9
Fighting       | |  1.7
Long Blades    | |  0.7
Dodging        | |  2.8
Stealth        | |  1.1

Action                   |  1- 3 |  4- 6 || total
-------------------------+-------+-------++-------
Melee: Long sword        |    37 |   123 ||   160
 Fire: Hunting sling     |     5 |    12 ||    17
  Use: Scroll            |       |     2 ||     2
 Stab: Sleeping          |       |     3 ||     3
Armor: Leather armour    |     2 |    20 ||    22
Dodge: Dodged            |    34 |    85 ||   119
       Rpst.: Long sword |    14 |    31 ||    45

Table legend: (Time is in decaauts)
 A = Elapsed time spent in this place.
 B = Non-inter-level travel time spent in this place.
 C = Inter-level travel time spent in this place.
 D = Time resting spent in this place.
 E = Time spent auto-exploring this place.
 F = Levels seen in this place.
 G = Mean time per level.
                   A        B        C        D        E       F      G
               +--------+--------+--------+--------+--------+-----+--------+
         Total |   4835 |   4688 |    147 |   2542 |   1365 |   3 | 1611.7 |
       Dungeon |   4835 |   4688 |    147 |   2542 |   1365 |   3 | 1611.7 |
               +--------+--------+--------+--------+--------+-----+--------+

Top non-repeatable levels by time:
     D:2: 2593 daAuts
     D:3: 1396 daAuts
     D:1: 846 daAuts
